 Dungeon Crawl Stone Soup version 0.27-a0-1347-gd8886f0a89 (webtiles) character file.

Game seed: 3014345391842520260

210 sanka the Changer (level 6, -8/43 HPs)
             Began as a Human Transmuter on June 27, 2021.
             Was an Initiate of Okawaru.
             Mangled by Duvessa (10 damage)
             ... on level 4 of the Dungeon.
             The game lasted 00:07:35 (4189 turns).

sanka the Changer (Human Transmuter)                Turns: 4189, Time: 00:07:36

Health: -8/43      AC:  2    Str: 10    XL:     6   Next: 12%
Magic:  7/9        EV: 19    Int: 13    God:    Okawaru [......]
Gold:   166        SH:  0    Dex: 21    Spells: 3/9 levels left

rFire    . . .     SeeInvis .     - Unarmed
rCold    + . .     Faith    .   (shield currently unavailable)
rNeg     . . .     Spirit   .   (armour currently unavailable)
rPois    x         Reflect  .   (helmet currently unavailable)
rElec    .         Harm     .   (cloak currently unavailable)
rCorr    .         Rampage  .   (gloves currently unavailable)
Will     +....                  (boots currently unavailable)
Stlth    ++........             (no amulet)
HPRegen  0.14/turn              h - ring of willpower
MPRegen  0.11/turn              d - ring of protection from cold

@: spider-form (expiring)
A: venomous fangs, tiny
a: End Transformation, Renounce Religion


You were on level 4 of the Dungeon.
You worshipped Okawaru.
Okawaru was noncommittal.
You were a venomous arachnid creature.
You visited 1 branch of the dungeon, and saw 4 of its levels.

You collected 166 gold pieces.


   Skills:
 - Level 1.0 Fighting
 - Level 2.0 Dodging
 - Level 3.0 Unarmed Combat
 - Level 2.0 Spellcasting
 + Level 4.9 Transmutations
 - Level 3.0 Poison Magic


You had 3 spell levels left.
You knew the following spells:

 Your Spells              Type           Power      Damage    Failure   Level
x - Spider Form           Tmut/Pois      5%         N/A       34%         3
y - Wereblood             Tmut           14%        N/A       14%         2
z - Beastly Appendage     Tmut           28%        N/A       11%         1

Your spell library contained the following spells:

 Spells                   Type           Power      Damage    Failure   Level
 Ice Form                 Ice/Tmut       7%         N/A       85%         4

Inventory:

Armour
 a - a +0 robe (melded)
 q - a +1 pair of boots (melded)
Jewellery
 d - a ring of protection from cold (right front leg)
 h - a ring of willpower (left front leg)
 i - a ring of ice
Wands
 p - a wand of iceblast (7)
Scrolls
 b - a scroll of enchant weapon {unknown}
 c - 3 scrolls of amnesia {unknown}
 e - 2 scrolls of vulnerability {unknown}
 f - 5 scrolls of identify {unknown}
 k - 2 scrolls of torment {unknown}
 n - 2 scrolls of enchant armour {unknown}
 o - a scroll of fog {unknown}
 s - a scroll of teleportation {unknown}
Potions
 g - 2 potions of degeneration {unknown}
 j - 3 potions of heal wounds {unknown}
 l - 3 potions of curing {unknown}
 m - a potion of magic {unknown}
 r - 2 potions of might {unknown}

Dungeon Overview and Level Annotations

Branches:
Dungeon (4/15)
 Temple: D:4-7

Altars:
Nemelex Xobeh
Okawaru

Shops:
D:1 !

Annotations:
D:4 Dowan, Duvessa

▒▒▒▒▒▒▒▒▒▒ ▒........▒▒▒▒▒
▒▒▒▒▒▒▒▒ ▒▒▒▒'▒▒▒▒▒▒'▒.▒.▒
▒......▒ ................▒
▒▒▒▒▒▒......▒
..............▒'▒▒▒...........▒
................s▒............▒▒▒
................e<...............
.................e...............
......▒..........................
......▒..........................
................................▒
................................▒
................................▒
....................▒..........)▒


You could see Duvessa (fast, extremely poisoned) and Dowan (poisoned).


Message History

You hit Duvessa but do no damage.
Duvessa is heavily wounded.
Your transformation is almost over.
Dowan points at Duvessa and mumbles some strange words.
Duvessa seems to speed up.
Duvessa hits you with a +0 short sword of flaming!
Duvessa burns you.
* * * LOW HITPOINT WARNING * * *
You hit Duvessa but do no damage.
Duvessa looks as sick as possible!
Duvessa is severely wounded.
Duvessa hits you with a +0 short sword of flaming.
* * * LOW HITPOINT WARNING * * *
Duvessa burns you.
* * * LOW HITPOINT WARNING * * *
You hit Duvessa.
Duvessa looks as sick as possible!
Duvessa is severely wounded.
Dowan says, "There's a certain beauty in death, don't you think?"
Duvessa misses you.
You hit Duvessa but do no damage.
Duvessa looks as sick as possible!
Duvessa is almost dead.
Duvessa shouts, "You can run, but you cannot escape us forever!"
Duvessa hits you with a +0 short sword of flaming!
* * * LOW HITPOINT WARNING * * *
Duvessa burns you.
* * * LOW HITPOINT WARNING * * *
Duvessa hits you with a +0 short sword of flaming!
You die...

Action                   |  1- 3 |  4- 6 || total
-------------------------+-------+-------++-------
Melee: Unarmed           |    50 |   131 ||   181
       Punch             |     2 |       ||     2
       Kick              |    12 |    16 ||    28
       Headbutt          |     5 |    10 ||    15
 Cast: Beastly Appendage |    16 |    13 ||    29
       Spider Form       |     1 |     9 ||    10
Armor: Robe              |     5 |    13 ||    18
       Skin              |       |     5 ||     5
Dodge: Dodged            |    33 |   118 ||   151

Levels and vault maps discovered:
D:1:      minmay_arrival_glassed_features, layout_loops_ring, serial_shops,
          shop, ebering_ecumenical_altar_petrified, minmay_crystal_water
D:2:      layout_loops_ring
D:3:      cheibrodos_helix_gallery, layout_rooms, okawaru_gym_becter,
          chequers_arboretum, minmay_fractal_squares_gapless_5
D:4:      minmay_chambers_of_fours, layout_basic,
          nicolae_overflow_hidden_temple, minmay_misc_feat_iff, uniq_duvessa

Notes
Turn   | Place    | Note
-------+----------+-------------------------------------------
     0 | D:1      | sanka the Human Transmuter began the quest for the Orb.
     0 | D:1      | Reached XP level 1. HP: 15/15 MP: 3/3
     3 | D:1      | Found a faded altar of an unknown god.
   145 | D:1      | Found Nerch's Distillery.
   686 | D:2      | Reached skill level 3 in Transmutations
   686 | D:2      | Reached XP level 2. HP: 21/21 MP: 3/5
   840 | D:2      | Reached XP level 3. HP: 19/26 MP: 4/6
   957 | D:2      | Learned a level 2 spell: Wereblood
   961 | D:2      | Learned a level 3 spell: Spider Form
  1676 | D:2      | Reached XP level 4. HP: 18/32 MP: 4/7
  1825 | D:2      | Reached skill level 1 in Poison Magic
  2064 | D:3      | Reached skill level 4 in Transmutations
  2269 | D:3      | Reached skill level 2 in Poison Magic
  2269 | D:3      | Reached XP level 5. HP: 36/37 MP: 5/8
  3149 | D:3      | Found an iron altar of Okawaru.
  3157 | D:3      | Became a worshipper of Warmaster Okawaru
  3399 | D:4      | Reached XP level 6. HP: 40/43 MP: 5/9
  3452 | D:4      | Reached skill level 3 in Poison Magic
  3507 | D:4      | Noticed Dowan
  3589 | D:4      | Found a sparkling altar of Nemelex Xobeh.
  3879 | D:4      | Noticed Duvessa
  3892 | D:4      | HP: 3/43 [Dowan/puff of frost (3)]
  4188 | D:4      | HP: 2/43 [Duvessa (3)]
  4189 | D:4      | Mangled by Duvessa

Vanquished Creatures
  An orc priest (D:3)
  2 orc wizards
  6 adders
  An adder skeleton (D:4)
  2 worms (D:2)
  A dart slug (D:2)
  9 orcs
  5 ball pythons
  3 endoplasms
  A giant cockroach (D:2)
  4 goblins
  4 hobgoblins
  7 jackals
  3 kobolds (D:2)
  2 quokkas
  2 bats
  4 frilled lizards
  3 rats
60 creatures vanquished.
